Map: Oxide LE

Players

Azure - Winner!

  • Race: Terran Terran
  • Spawn Location: 1:00

pezzaperry (Pezz)

  • Race: Protoss Protoss
  • League: Grandmaster
  • Spawn Location: 7:00

Event: DreamHack SC2 Masters 2020 Winter

VOD

Have the link to the VOD?

Description

Time

  • Played on: Oct. 11, 2020, 12:55 a.m.
  • Length: 12:07

All games in this series

Show
View Real Time Build Order
Export as new Build Order

Azure Terran - Winner!

Build Orders: Reaper Expand, Banshee Rush 

Get SALT Encoding   

  12  0:00  SCV  
  13  0:12  SCV  
  14  0:17  Supply Depot  
  14  0:24  SCV  
  15  0:38  SCV  
  15  0:39  Barracks  
  16  0:43  Refinery  
  16  0:50  SCV  
  17  1:02  SCV  
  18  1:15  SCV  
  19  1:26  Reaper  
  19  1:27  Orbital Command  
  20  1:46  Bunker  
  20  1:49  Command Center  
  20  1:54  SCV  
  20  1:59  Marine  
  22  2:08  SCV  
  23  2:09  Supply Depot  
  23  2:23  Barracks Reactor, Factory  
  23  2:30  SCV  
  24  2:42  SCV  
  25  2:46  Refinery  
  25  2:55  SCV  
  26  3:02  Orbital Command  
  26  3:07  SCV  
  26  3:08  Starport  
  27  3:15  Hellion x2  
  27  3:17  Barracks Tech Lab  
  27  3:19  SCV  
  31  3:27  SCV  
  31  3:31  SCV  
  33  3:36  Hellion x2  
  33  3:39  SCV  
  38  3:43  SCV  
  38  3:44  Supply Depot  
  39  3:51  Cloaking Field, Banshee  
  39  3:52  SCV  
  39  3:55  SCV  
  44  4:02  Marine  
  44  4:03  Supply Depot, Marine  
  44  4:06  SCV, Factory Tech Lab  
  44  4:07  SCV  
  44  4:09  Bunker  
  48  4:14  Supply Depot  
  48  4:18  SCV  
  48  4:19  SCV  
  48  4:20  Marine x2  
  49  4:29  Cyclone  
  49  4:30  SCV  
  47  4:31  SCV  
  47  4:33  Engineering Bay  
  47  4:36  Banshee  
  47  4:38  Marine x2  
  51  4:41  Engineering Bay  
  53  4:45  Supply Depot  
  53  4:47  Supply Depot  
  53  4:52  SCV  
  54  4:53  SCV  
  54  4:56  Marine x2  
  57  5:00  Terran Infantry Weapons Level 1  
  57  5:04  SCV  
  57  5:05  SCV  
  59  5:08  Cyclone  
  59  5:14  Marine x2  
  62  5:18  Barracks  
  62  5:19  SCV  
  62  5:20  Barracks  
  65  5:26  SCV  
  63  5:31  SCV  
  63  5:32  Marine x2  
  66  5:38  SCV  
  66  5:42  Refinery  
  67  5:43  SCV  
  67  5:49  Marine x2  
  65  5:50  SCV  
  65  5:55  SCV  
  69  5:57  Starport Reactor  
  69  6:02  SCV  
  70  6:04  Refinery  
  70  6:05  Supply Depot  
  70  6:06  Supply Depot  
  70  6:07  Marine x2  
  70  6:10  SCV  
  70  6:13  Missile Turret  
  70  6:16  Missile Turret, Factory Tech Lab  
  70  6:17  Marauder x2  
  74  6:20  Combat Shield, Stimpack  
  74  6:23  SCV  
  75  6:26  Marine x2  
  75  6:27  SCV  
  75  6:29  Supply Depot  
  75  6:31  Supply Depot  
  78  6:35  SCV  
  78  6:36  Siege Tank  
  78  6:39  SCV  
  85  6:40  Marauder  
  85  6:41  Marauder  
  85  6:43  Medivac  
  89  6:48  Supply Depot  
  89  6:51  Marine x2  
  89  6:53  SCV  
  92  6:59  Medivac, Supply Depot  
  92  7:00  SCV  
  95  7:03  Marauder  
  95  7:04  Marauder  
  99  7:12  SCV  
  99  7:15  Command Center, Marine x2  
  100  7:17  SCV  
  103  7:23  Supply Depot  
  103  7:25  SCV  
  103  7:26  Marauder, Marine  
  107  7:30  Siege Tank  
  107  7:31  SCV  
  107  7:33  Marine  
  107  7:36  Supply Depot  
  111  7:39  Supply Depot  
  111  7:42  Medivac x2  
  115  7:44  Marine x2  
  115  7:46  Marine  
  115  7:49  SCV  
  118  7:56  Marine  
  119  7:59  Terran Infantry Armor Level 1  
  119  8:02  Marauder  
  119  8:03  SCV x2  
  119  8:05  Marauder  
  125  8:08  Marine  
  125  8:10  Siege Tank  
  125  8:12  Medivac  
  121  8:14  Marine  
  121  8:15  SCV  
  121  8:18  SCV  
  124  8:20  Medivac  
  124  8:23  Marine  
  124  8:26  Marine  
  128  8:28  Supply Depot, Orbital Command  
  128  8:29  Supply Depot  
  128  8:32  Marauder  
  130  8:35  SCV  
  130  8:38  Marine  
  132  8:43  Barracks  
  132  8:44  SCV  
  132  8:45  Barracks  
  132  8:47  SCV  
  132  8:48  Orbital Command  
  132  8:49  Marine x2  
  132  8:53  Siege Tank  
  137  8:56  SCV  
  137  8:59  Marine x2  
  141  9:08  Marine x2  
  141  9:09  Armory, Liberator  
  143  9:13  SCV  
  146  9:21  Supply Depot  
  146  9:22  Supply Depot  
  146  9:23  Marine x2  
  148  9:25  SCV x2  
  148  9:28  Marine  
  148  9:29  Marauder  
  153  9:32  Barracks Reactor  
  153  9:33  SCV, Barracks Tech Lab  
  153  9:37  SCV  
  153  9:38  SCV  
  153  9:41  Marine x2  
  154  9:46  Marine  
  154  9:50  Marauder  
  156  9:55  Supply Depot  
  156  9:56  Supply Depot  
  156  9:58  Marine  
  156  9:59  SCV x2, Supply Depot, Marauder  
  160  10:00  Liberator  
  160  10:01  Liberator  
  160  10:04  Marine  
  160  10:05  SCV  
  168  10:11  Refinery  
  168  10:13  Marine x2  
  170  10:19  Supply Depot  
  170  10:20  SCV x2  
  172  10:24  Marine x2  
  172  10:28  Refinery, Siege Tank  
  177  10:32  Supply Depot x2  
  177  10:33  Missile Turret  
  177  10:35  SCV  
  178  10:36  Marine  
  178  10:39  Marauder, Marine x2  
  183  10:44  Ghost Academy  
  183  10:49  Sensor Tower  
  183  10:50  Supply Depot  
  183  10:53  Marine  
  183  10:54  Marine  
  185  11:02  Marine x2  
  185  11:03  Marauder  
  189  11:07  Marauder, Marine  
  191  11:11  Marine x2  
  193  11:20  Marine x2, Siege Tank  
  193  11:24  Marauder  
  199  11:38  Marine x2  
  193  11:44  Marine  
  193  11:45  Marine  
  176  11:48  Marine x2  
  176  11:49  Marine  
Show
View Real Time Build Order
Export as new Build Order

pezzaperry Protoss 

Build Orders: 1 Gate Expand, Oracle Opening 

Get SALT Encoding   

  12  0:00  Probe  
  13  0:12  Probe  
  14  0:17  Pylon  
  14  0:24  Probe  
  15  0:35  Gateway  
  15  0:36  Probe (Chrono Boost)  
  16  0:46  Probe (Chrono Boost), Assimilator  
  17  0:51  Probe (Chrono Boost)  
  18  1:03  Probe  
  19  1:15  Probe  
  20  1:23  Nexus  
  20  1:33  Cybernetics Core  
  20  1:37  Probe  
  21  1:42  Assimilator  
  21  1:49  Probe  
  21  1:52  Pylon  
  22  2:02  Probe  
  23  2:08  Adept (Chrono Boost)  
  25  2:20  Probe  
  26  2:25  Stargate  
  26  2:31  Adept  
  26  2:33  Probe  
  26  2:36  Shield Battery  
  30  2:49  Probe  
  30  2:51  Warp Gate  
  31  2:58  Probe  
  31  3:01  Probe, Adept  
  34  3:09  Oracle (Chrono Boost)  
  34  3:10  Probe  
  38  3:14  Probe  
  39  3:22  Probe, Pylon  
  39  3:27  Probe  
  40  3:34  Probe  
  40  3:39  Probe, Oracle (Chrono Boost)  
  42  3:46  Probe  
  46  3:51  Probe  
  46  3:54  Gateway  
  46  3:55  Gateway  
  47  3:59  Probe  
  48  4:02  Pylon  
  48  4:03  Probe  
  48  4:06  Oracle (Chrono Boost)  
  52  4:11  Probe  
  52  4:14  Assimilator  
  52  4:15  Probe  
  54  4:28  Probe (Chrono Boost)  
  50  4:35  Probe (Chrono Boost)  
  51  4:39  Probe (Chrono Boost)  
  51  4:44  Probe x2 (Chrono Boost)  
  52  4:45  Pylon  
  52  4:48  Adept x3  
  59  4:54  Probe  
  59  4:55  Probe, Twilight Council  
  61  5:03  Pylon, Phoenix  
  61  5:06  Probe  
  64  5:11  Pylon  
  64  5:22  Probe  
  64  5:25  Probe  
  64  5:26  Stalker  
  64  5:27  Stalker  
  64  5:34  Probe (Chrono Boost)  
  62  5:38  Probe (Chrono Boost)  
  62  5:40  Stalker  
  62  5:45  Charge (Chrono Boost)  
  62  5:46  Probe (Chrono Boost)  
  62  5:50  Probe (Chrono Boost)  
  62  5:52  Phoenix (Chrono Boost)  
  62  5:54  Probe (Chrono Boost)  
  64  6:00  Probe  
  64  6:01  Probe  
  65  6:07  Gateway  
  65  6:10  Gateway  
  65  6:11  Gateway  
  65  6:12  Probe  
  66  6:27  Nexus  
  66  6:29  Pylon  
  66  6:36  Probe  
  66  6:37  Probe  
  68  6:43  Phoenix (Chrono Boost)  
  70  6:49  Probe x2  
  72  7:01  Probe  
  73  7:02  Phoenix  
  73  7:05  Sentry, Pylon  
  73  7:07  Sentry, Zealot x4  
  87  7:14  Shield Battery  
  87  7:20  Probe x2  
  89  7:29  Phoenix  
  91  7:30  Pylon  
  91  7:32  Probe  
  92  7:44  Zealot x6  
  100  7:45  Probe x3  
  107  7:51  Pylon  
  107  7:53  Pylon  
  108  7:58  Probe x2  
  108  7:59  Probe  
  108  8:01  Pylon  
  110  8:06  Templar Archives  
  110  8:11  Probe x2  
  112  8:18  Zealot x2  
  112  8:19  Zealot x3  
  119  8:20  Zealot  
  121  8:42  Gateway  
  121  8:44  Pylon, Gateway  
  121  8:46  Zealot x4  
  121  8:47  Pylon, Zealot  
  131  8:54  Zealot  
  133  9:03  Probe x3  
  133  9:05  Assimilator  
  133  9:07  Pylon, Forge, Assimilator  
  136  9:13  High Templar x5  
  136  9:14  High Templar  
  148  9:18  Archon x2  
  148  9:19  Archon  
  148  9:31  Probe x2  
  150  9:44  Pylon, Protoss Ground Weapons Level 1 (Chrono Boost)  
  146  9:51  Probe x3  
  149  9:58  Robotics Facility  
  143  10:00  Robotics Facility  
  143  10:03  Probe, Nexus  
  143  10:06  Pylon  
  141  10:08  Blink (Chrono Boost)  
  141  10:17  Zealot x5, High Templar x2  
  141  10:18  Zealot  
  157  10:23  Archon  
  157  10:26  Pylon  
  157  10:27  Photon Cannon  
  157  10:30  Shield Battery  
  157  10:43  Immortal (Chrono Boost)  
  157  10:45  Immortal (Chrono Boost)  
  157  10:49  Robotics Bay  
  165  10:51  Zealot  
  167  11:26  Zealot x3  
  167  11:27  Zealot x5  
Tags
 
Add a new tag
Caveats
  • Supply blocks, unpowered buildings, or Contaminate may cause inaccurate times.
  • Supply counts are checked every 10 seconds.